 Dungeon Crawl Stone Soup version 0.30-a0-779-g7971cf19c3 (webtiles) character file.

Game seed: 9357850723169484029

836 Dittersdorf the Trooper (level 7, 0/45 HPs)
             Began as a Gargoyle Fighter on Feb 17, 2023.
             Slain by a hornet (10 damage)
             ... on level 5 of the Dungeon.
             The game lasted 00:03:50 (4021 turns).

Dittersdorf the Trooper (Gargoyle Fighter)          Turns: 4021, Time: 00:03:51

Health: 0/45       AC: 16    Str: 22    XL:     7   Next: 99%
Magic:  7/7        EV:  9    Int: 11    God:
Gold:   220        SH:  5    Dex:  9    Spells: 6/6 levels left

rFire   . . .      SeeInvis .    r - +1 morningstar (vamp)
rCold   . . .      Faith    .    c - +0 buckler
rNeg    + + .      Spirit   .    b - +0 scale mail
rPois   ∞          Reflect  .    g - +2 helmet {Int+3}
rElec   +          Harm     .    u - +0 cloak
rCorr   .          Rampage  .    (no gloves)
Will    .....                    (no boots) Stlth
                                 (no amulet)
HPRegen 0.27/turn                o - ring of positive energy
MPRegen 0.10/turn                (no ring)

@: no status effects
A: sickness immunity, AC +4, negative energy resistance 1, electricity
resistance, torment resistance 1, petrification resistance
a: no special abilities


You were on level 5 of the Dungeon.
You visited 1 branch of the dungeon, and saw 5 of its levels.

You collected 220 gold pieces.

Inventory:

Hand Weapons
 r - a +1 vampiric morningstar (weapon)
Armour
 b - a +0 scale mail (worn)
 c - a +0 buckler (worn)
 g - a +2 helmet of intelligence (worn)
 u - a +0 cloak (worn)
Jewellery
 o - a ring of positive energy (left hand)
Wands
 q - a wand of flame (14)
 t - a wand of digging (2)
Scrolls
 a - 2 scrolls of identify
 e - 4 scrolls of teleportation
 h - a scroll of fear
 k - 2 scrolls of poison
 l - 2 scrolls of enchant armour {unknown}
 m - a scroll of enchant weapon {unknown}
Potions
 d - 2 potions of might
 f - a potion of curing
 i - 2 potions of heal wounds {unknown}
 j - a potion of degeneration {unknown}
 n - 2 potions of mutation
 p - a potion of resistance
 s - a potion of flight {unknown}


   Skills:
 + Level 5.8 Fighting
 + Level 4.6 Maces & Flails
 + Level 5.7 Armour
 + Level 5.7 Shields


You had 6 spell levels left.
You didn't know any spells.
Your spell library contained the following spells:

 Spells                   Type           Power      Damage    Failure   Level
 Freeze                   Ice            0%         1d3       73%         1
 Frozen Ramparts          Ice            0%         1d1       97%         3
 Hailstorm                Conj/Ice       0%         3d3       97%         3
 Ice Form                 Ice/Tmut       0%         N/A       100%        4
 Summon Ice Beast         Ice/Summ       0%         N/A       100%        4


Dungeon Overview and Level Annotations

Branches:
Dungeon (5/15)
 Temple: D:4-7

Altars:
Cheibriados
Fedhas
Gozag
Qazlal


Innate Abilities, Weirdness & Mutations

You are immune to sickness and miasma.
Your stone body is resilient. (AC +4)
You are immune to poison.
You resist negative energy. (rN+)
You are resistant to electric shocks. (rElec)
You are resistant to unholy torment.
You are immune to petrification.


Message History

You closely miss the hound. The hound barely misses you.
You block the hound's attack.
You sock the hound!
The hound is severely wounded.
The hound bites you but does no damage. You block the hound's attack.
You miss the hound.
The hound is severely wounded.
The hound bites you but does no damage. x2
You puncture the hound!
You feel better.
You kill the hound!
The hornet stings you.
You hit the hornet.
You feel better.
The hornet is heavily wounded.
The hornet stings you but does no damage.
The hornet closely misses you.
You barely miss the hornet.
The hornet is heavily wounded.
The hornet stings you!
* * * LOW HITPOINT WARNING * * *
You block the hornet's attack.
You barely miss the hornet.
The hornet is heavily wounded.
The hornet closely misses you. You block the hornet's attack.
You hit the hornet.
You feel better.
The hornet is heavily wounded.
The hornet closely misses you.
The hornet stings you but does no damage.
You closely miss the hornet.
The hornet is heavily wounded.
The hornet closely misses you.
The hornet stings you but does no damage.
You barely miss the hornet.
The hornet is heavily wounded.
The hornet stings you but does no damage.
The hornet stings you!
* * * LOW HITPOINT WARNING * * *
You hit the hornet.
You feel better.
The hornet is heavily wounded.
The hornet stings you!
You die...

###....#.####.##
#........ .# ###..#...##
... ##..[.....# ....###
#...#.##.... ...
..####.......... ...
#....#.######### #
....#.##.#.#.#######....
......##.......y@....#
.^.##(##.##.[#########
................#
......##..#.###.#
................##
.......##.#......#
#.....!####..##.##
#..................
#...................


You could see a hornet.

Vanquished Creatures
  Grinder (D:3)
  A water moccasin (D:4)
  Blork the orc (D:4)
  A necrophage (D:4)
  A scorpion (D:4)
  3 hounds
  An orc priest (D:3)
  Natasha (thrice) (D:3)
  2 orc wizards (D:4)
  2 adders
  4 worms
  4 dart slugs
  8 orcs
  10 ball pythons
  8 endoplasms
  2 giant cockroaches
  3 goblins
  7 hobgoblins
  3 jackals (D:2)
  4 kobolds
  3 quokkas
  3 bats
  3 frilled lizards
  3 rats
81 creatures vanquished.

Vanquished Creatures (others)
  A plant (D:4)
1 creature vanquished.

Grand Total: 82 creatures vanquished

Notes
Turn   | Place    | Note
-------+----------+-------------------------------------------
     0 | D:1      | Dittersdorf the Gargoyle Fighter began the quest for the
                  | Orb.
     0 | D:1      | Reached XP level 1. HP: 14/14 MP: 1/1
   471 | D:1      | Reached XP level 2. HP: 19/19 MP: 2/2
  1033 | D:2      | Reached XP level 3. HP: 23/23 MP: 3/3
  1874 | D:3      | Reached XP level 4. HP: 27/29 MP: 4/4
  1959 | D:3      | Found a blossoming altar of Fedhas.
  2433 | D:3      | Noticed Grinder
  2439 | D:3      | Paralysed by Grinder for 3 turns
  2455 | D:3      | Paralysed by Grinder for 4 turns
  2460 | D:3      | Killed Grinder
  2461 | D:3      | Reached XP level 5. HP: 16/34 MP: 5/5
  2461 | D:3      | Reached XP level 6. HP: 18/39 MP: 6/6
  2605 | D:3      | Noticed Natasha
  2619 | D:3      | Killed Natasha
  2746 | D:3      | Noticed Natasha
  2751 | D:3      | Killed Natasha
  2773 | D:3      | Noticed Natasha
  2780 | D:3      | Killed Natasha
  2831 | D:4      | Reached skill level 5 in Fighting
  2831 | D:4      | Reached skill level 5 in Armour
  2831 | D:4      | Reached skill level 5 in Shields
  2831 | D:4      | Reached XP level 7. HP: 44/44 MP: 7/7
  2863 | D:4      | Found a stormy altar of Qazlal.
  3007 | D:4      | Found an opulent altar of Gozag.
  3217 | D:4      | Noticed Blork the orc
  3230 | D:4      | Killed Blork the orc
  3932 | D:5      | Entered Level 5 of the Dungeon
  3938 | D:5      | Found a snail-covered altar of Cheibriados.
  3986 | D:5      | Noticed a hornet
  4021 | D:5      | Slain by a hornet

Illustrated notes

Levels and vault maps discovered:
D:1:      mrwooster_arrival_statue_2, layout_basic
D:2:      layout_basic, chequers_arboretum, minmay_misc_feat_nine_boxes,
          grunt_decor_mini_mirrors
D:3:      layout_loops_cross, mainiacjoe_overflow_concentric_impassable,
          dreamdust_princess_corridor, uniq_natasha, uniq_grinder
D:4:      layout_gridville, mainiacjoe_overflow_tiny_flanked,
          mainiacjoe_overflow_24_doors, kennysheep_big_empty_room,
          saegor_snake_ambush, uniq_blork_the_orc
D:5:      layout_basic, pdpol_wu_jian_five_deadly_venoms,
          nicolae_uskayaw_en_pointe, lemuel_tele_altar, slow_altar_1,
          kennysheep_generic_room_4, uniq_sigmund

Skill      XL: |  1  2  3  4  5  6  7 |
---------------+----------------------+-----
Fighting       | 4 5 |  5.8
Armour         | 4 5 |  5.7
Shields        | 4 5 |  5.7
Maces & Flails | 3 4 |  4.6

Action                     |  1- 3 |  4- 6 |  7- 9 || total
---------------------------+-------+-------+-------++-------
  Melee: Flail             |   135 |   104 |    28 ||   267
         Morningstar       |       |       |    98 ||    98
    Use: Scroll            |       |     6 |       ||     6
 Armour: Scale mail        |    86 |    42 |   141 ||   269
  Dodge: Dodged            |    53 |    39 |   100 ||   192
  Block: Buckler           |    25 |    17 |    48 ||    90

Table legend: (Time is in decaauts)
 A = Elapsed time spent in this place.
 B = Non-inter-level travel time spent in this place.
 C = Inter-level travel time spent in this place.
 D = Time resting spent in this place.
 E = Time spent auto-exploring this place.
 F = Levels seen in this place.
 G = Mean time per level.
                   A        B        C        D        E       F      G
               +--------+--------+--------+--------+--------+-----+--------+
         Total |   4151 |   4032 |    119 |     86 |   3128 |   5 |  830.2 |
       Dungeon |   4151 |   4032 |    119 |     86 |   3128 |   5 |  830.2 |
               +--------+--------+--------+--------+--------+-----+--------+

Top non-repeatable levels by time:
     D:4: 1173 daAuts
     D:3: 1045 daAuts
     D:1: 985 daAuts
     D:2: 852 daAuts
     D:5: 94 daAuts
